[ AOE2 MATCH · #489162130 ]
UnrankedHindustanis vs Celts
Rival team · LOSS
[ REPLAY ANALYSIS · EXTRACTED FROM THE RECORDED GAME ]
Feudal
9:15
Castle
—
Imperial
—
| APM avg | 86.9 |
| APM peak | 112 |
| eAPM avg | 46.6 |
| Villagers / military | 61 / 44 |
Focus
⚔️ 63.3% · 🌾 36.7%
Scout Cavalry ×27 · Archer ×17
Feudal
9:22
Castle
—
Imperial
—
| APM avg | 72.2 |
| APM peak | 100 |
| eAPM avg | 29.2 |
| Villagers / military | 51 / 30 |
Focus
⚔️ 43.7% · 🌾 56.3%
Skirmisher ×17 · Spearman ×9 · Militia ×4
Match map
Initial resources + every placement click. Lines = walls · curves = elevation contours. ◆ gold · ⬟ stone · ● berries · ✦ relic · ◌ wall gap
Your base· Open — 9t gap
F1Re's base· Open — unwalled flank
Smoothed initial terrain · ◌ = detected wall gap · hover for details
Inputs per minute
— TAG_Sitaux - - F1Re
Build order — TAG_Sitaux
First 150 of 209 actions detected
| 0:00 | Create | Villager (Male) |
| 0:00 | Create | Villager (Male) |
| 0:01 | Build | House |
| 0:02 | Build | House |
| 0:09 | Create | Villager (Male) |
| 0:09 | Create | Villager (Male) |
| 1:06 | Create | Villager (Male) |
| 1:06 | Create | Villager (Male) |
| 1:26 | Create | Villager (Male) |
| 1:27 | Create | Villager (Male) |
| 1:51 | Create | Villager (Male) |
| 1:51 | Create | Villager (Male) |
| 1:58 | Build | Lumber Camp |
| 2:13 | Create | Villager (Male) |
| 2:14 | Create | Villager (Male) |
| 2:45 | Create | Villager (Male) |
| 3:14 | Create | Villager (Male) |
| 3:14 | Create | Villager (Male) |
| 3:24 | Create | Villager (Male) |
| 3:24 | Create | Villager (Male) |
| 3:35 | Build | House |
| 3:36 | Build | House |
| 3:37 | Build | Palisade Wall |
| 3:39 | Create | Villager (Male) |
| 3:39 | Create | Villager (Male) |
| 3:39 | Create | Villager (Male) |
| 4:05 | Create | Villager (Male) |
| 4:05 | Create | Villager (Male) |
| 4:05 | Create | Villager (Male) |
| 4:43 | Build | Palisade Wall |
| 4:44 | Build | Palisade Wall |
| 4:55 | Build | Palisade Wall |
| 4:56 | Build | Palisade Wall |
| 4:57 | Create | Villager (Male) |
| 5:07 | Build | Palisade Wall |
| 5:40 | Build | Palisade Wall |
| 5:44 | Create | Villager (Male) |
| 5:47 | Build | Mill |
| 6:01 | Build | Palisade Wall |
| 6:08 | Build | Palisade Wall |
| 6:39 | Research | Loom |
| 7:02 | Research | Feudal Age |
| 7:02 | Research | Feudal Age |
| 7:44 | Build | Barracks |
| 7:55 | Build | House |
| 8:34 | Create | Villager (Male) |
| 9:01 | Build | Palisade Wall |
| 9:02 | Build | Palisade Wall |
| 9:04 | Build | Palisade Wall |
| 9:05 | Build | Palisade Wall |
| 9:06 | Build | Palisade Wall |
| 9:07 | Build | Palisade Wall |
| 9:09 | Build | Palisade Wall |
| 9:11 | Build | Palisade Wall |
| 9:13 | Build | Palisade Wall |
| 9:14 | Build | Palisade Wall |
| 9:15 | Age | Feudal Age |
| 9:16 | Build | Palisade Wall |
| 9:17 | Build | Palisade Wall |
| 9:21 | Build | Archery Range |
| 9:30 | Create | Villager (Male) |
| 9:35 | Research | Double-Bit Axe |
| 9:35 | Research | Double-Bit Axe |
| 9:43 | Build | House |
| 9:50 | Create | Villager (Male) |
| 9:58 | Build | Mining Camp |
| 10:20 | Create | Villager (Male) |
| 10:27 | Build | Farm |
| 10:38 | Create | Archer |
| 10:50 | Build | House |
| 10:51 | Create | Villager (Male) |
| 11:06 | Create | Villager (Male) |
| 11:11 | Build | Farm |
| 11:16 | Create | Archer |
| 11:23 | Build | Farm |
| 11:27 | Create | Villager (Male) |
| 11:43 | Create | Villager (Male) |
| 11:50 | Build | Blacksmith |
| 11:54 | Create | Archer |
| 12:02 | Build | Farm |
| 12:10 | Build | House |
| 12:21 | Create | Villager (Male) |
| 12:30 | Build | Farm |
| 12:32 | Research | Fletching |
| 12:32 | Research | Fletching |
| 12:46 | Create | Villager (Male) |
| 12:54 | Build | Lumber Camp |
| 13:02 | Research | Town Watch |
| 13:06 | Research | Padded Archer Armor |
| 13:06 | Research | Padded Archer Armor |
| 13:14 | Create | Villager (Male) |
| 13:33 | Create | Archer |
| 13:37 | Create | Villager (Male) |
| 13:46 | Build | Stone Wall |
| 13:57 | Create | Archer |
| 13:59 | Create | Villager (Male) |
| 14:26 | Create | Villager (Male) |
| 14:33 | Build | Farm |
| 14:34 | Build | Farm |
| 14:38 | Research | Horse Collar |
| 14:38 | Research | Horse Collar |
| 14:39 | Create | Villager (Male) |
| 14:39 | Create | Archer |
| 14:39 | Create | Archer |
| 14:53 | Create | Villager (Male) |
| 15:14 | Build | Stable |
| 15:26 | Create | Villager (Male) |
| 15:29 | Build | Farm |
| 15:31 | Create | Archer |
| 15:39 | Build | Farm |
| 15:47 | Create | Scout Cavalry |
| 15:49 | Create | Villager (Male) |
| 15:51 | Build | Farm |
| 15:58 | Create | Villager (Male) |
| 16:01 | Build | House |
| 16:01 | Build | House |
| 16:02 | Build | House |
| 16:08 | Create | Scout Cavalry |
| 16:31 | Create | Villager (Male) |
| 16:39 | Build | Mining Camp |
| 16:39 | Create | Archer |
| 16:42 | Build | Farm |
| 16:47 | Create | Scout Cavalry |
| 16:48 | Create | Scout Cavalry |
| 16:51 | Create | Archer |
| 16:55 | Build | Watch Tower |
| 17:00 | Create | Archer |
| 17:10 | Create | Scout Cavalry |
| 17:13 | Build | Farm |
| 17:14 | Build | Mill |
| 17:23 | Build | Farm |
| 17:46 | Create | Villager (Male) |
| 17:51 | Create | Scout Cavalry |
| 18:11 | Create | Scout Cavalry |
| 18:12 | Create | Scout Cavalry |
| 18:13 | Build | Farm |
| 18:14 | Build | Farm |
| 18:31 | Create | Villager (Male) |
| 18:32 | Create | Villager (Male) |
| 18:37 | Build | Stable |
| 18:42 | Build | Farm |
| 18:44 | Build | Farm |
| 18:45 | Build | Farm |
| 18:49 | Create | Archer |
| 18:51 | Create | Scout Cavalry |
| 18:58 | Create | Villager (Male) |
| 18:58 | Create | Villager (Male) |
| 19:06 | Create | Archer |
| 19:14 | Build | Farm |
| 19:23 | Create | Archer |
Build order — F1Re
First 150 of 177 actions detected
| 0:00 | Create | Villager (Male) |
| 0:02 | Build | House |
| 0:02 | Build | House |
| 0:07 | Create | Villager (Male) |
| 0:09 | Create | Villager (Male) |
| 0:10 | Create | Villager (Male) |
| 1:24 | Create | Villager (Male) |
| 1:54 | Build | Lumber Camp |
| 2:00 | Create | Villager (Male) |
| 2:00 | Create | Villager (Male) |
| 2:12 | Create | Villager (Male) |
| 2:40 | Create | Villager (Male) |
| 3:04 | Create | Villager (Male) |
| 3:04 | Create | Villager (Male) |
| 3:38 | Create | Villager (Male) |
| 3:38 | Create | Villager (Male) |
| 3:48 | Build | House |
| 3:53 | Create | Villager (Male) |
| 4:21 | Create | Villager (Male) |
| 4:48 | Build | Barracks |
| 4:52 | Build | Palisade Wall |
| 4:53 | Build | Palisade Wall |
| 4:54 | Build | Palisade Wall |
| 5:03 | Create | Villager (Male) |
| 5:30 | Create | Villager (Male) |
| 5:52 | Create | Villager (Male) |
| 5:58 | Research | Loom |
| 5:58 | Research | Loom |
| 6:15 | Build | Mill |
| 6:47 | Create | Villager (Male) |
| 7:09 | Research | Feudal Age |
| 7:09 | Research | Feudal Age |
| 7:30 | Create | Militia |
| 7:30 | Create | Militia |
| 7:33 | Build | House |
| 7:49 | Build | Mill |
| 7:54 | Create | Militia |
| 7:55 | Create | Militia |
| 9:22 | Age | Feudal Age |
| 9:24 | Create | Villager (Male) |
| 9:24 | Research | Double-Bit Axe |
| 9:30 | Build | Farm |
| 9:31 | Build | House |
| 9:52 | Create | Villager (Male) |
| 10:05 | Build | Farm |
| 10:06 | Build | Farm |
| 10:06 | Create | Villager (Male) |
| 10:09 | Research | Man-at-Arms (upgrade) |
| 10:10 | Research | Man-at-Arms (upgrade) |
| 10:24 | Create | Villager (Male) |
| 10:46 | Build | House |
| 11:00 | Create | Villager (Male) |
| 11:10 | Build | Watch Tower |
| 11:13 | Build | Palisade Wall |
| 11:14 | Build | Palisade Wall |
| 11:16 | Build | Palisade Wall |
| 11:18 | Create | Villager (Male) |
| 11:33 | Create | Villager (Male) |
| 11:36 | Build | Archery Range |
| 11:47 | Create | Villager (Male) |
| 11:59 | Create | Villager (Male) |
| 12:04 | Build | Farm |
| 12:05 | Build | House |
| 12:22 | Build | Palisade Wall |
| 12:24 | Build | Palisade Wall |
| 12:27 | Create | Skirmisher |
| 12:27 | Create | Skirmisher |
| 12:31 | Create | Villager (Male) |
| 12:37 | Build | Blacksmith |
| 12:44 | Build | Palisade Wall |
| 12:53 | Create | Skirmisher |
| 12:59 | Create | Villager (Male) |
| 13:02 | Research | Town Watch |
| 13:06 | Build | House |
| 13:12 | Research | Fletching |
| 13:12 | Research | Fletching |
| 13:16 | Build | Palisade Wall |
| 13:17 | Build | Palisade Wall |
| 13:18 | Build | Palisade Wall |
| 13:23 | Create | Villager (Male) |
| 13:24 | Build | Farm |
| 13:25 | Build | Farm |
| 13:27 | Build | Farm |
| 13:32 | Create | Skirmisher |
| 13:49 | Create | Villager (Male) |
| 13:49 | Create | Skirmisher |
| 14:01 | Build | House |
| 14:23 | Create | Villager (Male) |
| 14:34 | Build | House |
| 14:34 | Create | Villager (Male) |
| 14:52 | Build | Farm |
| 14:52 | Create | Villager (Male) |
| 14:53 | Build | Farm |
| 14:54 | Build | Farm |
| 14:55 | Build | Farm |
| 15:05 | Build | Farm |
| 15:05 | Create | Villager (Male) |
| 15:06 | Build | Lumber Camp |
| 15:06 | Create | Skirmisher |
| 15:12 | Build | House |
| 15:16 | Build | Farm |
| 15:24 | Build | House |
| 15:30 | Build | Farm |
| 15:31 | Create | Skirmisher |
| 15:36 | Create | Villager (Male) |
| 15:40 | Build | Farm |
| 15:45 | Build | Stone Wall |
| 15:45 | Build | Stone Wall |
| 15:45 | Build | Stone Wall |
| 15:46 | Build | Stone Wall |
| 15:46 | Build | Stone Wall |
| 15:46 | Build | Stone Wall |
| 15:46 | Build | Stone Wall |
| 15:47 | Build | Stone Wall |
| 15:47 | Build | Stone Wall |
| 15:47 | Build | Stone Wall |
| 15:53 | Research | Padded Archer Armor |
| 15:53 | Research | Padded Archer Armor |
| 15:53 | Research | Padded Archer Armor |
| 16:02 | Create | Spearman |
| 16:05 | Build | Outpost |
| 16:08 | Build | Outpost |
| 16:16 | Create | Spearman |
| 16:20 | Create | Villager (Male) |
| 16:29 | Build | Palisade Gate |
| 16:42 | Build | Farm |
| 16:49 | Create | Villager (Male) |
| 16:59 | Build | Farm |
| 17:06 | Create | Skirmisher |
| 17:13 | Build | Farm |
| 17:23 | Create | Villager (Male) |
| 17:52 | Create | Villager (Male) |
| 17:52 | Create | Skirmisher |
| 18:01 | Create | Spearman |
| 18:10 | Create | Spearman |
| 18:13 | Create | Skirmisher |
| 18:24 | Build | Farm |
| 18:30 | Build | Farm |
| 18:33 | Create | Villager (Male) |
| 18:43 | Build | Mining Camp |
| 18:45 | Build | House |
| 18:46 | Create | Villager (Male) |
| 19:01 | Create | Villager (Male) |
| 19:02 | Create | Skirmisher |
| 19:14 | Create | Skirmisher |
| 19:26 | Create | Villager (Male) |
| 19:32 | Create | Spearman |
| 19:39 | Create | Villager (Male) |
| 19:45 | Build | Mining Camp |
| 19:51 | Create | Skirmisher |
Match timeline
| 3:37 | TAG_Sitaux · wall_segment Palisade Wall x1 |
| 4:43 | TAG_Sitaux · wall_segment Palisade Wall x1 |
| 4:44 | TAG_Sitaux · wall_segment Palisade Wall x1 |
| 4:48 | F1Re · first_building Barracks |
| 4:52 | F1Re · wall_segment Palisade Wall x1 |
| 4:53 | F1Re · wall_segment Palisade Wall x1 |
| 4:54 | F1Re · wall_segment Palisade Wall x1 |
| 4:55 | TAG_Sitaux · wall_segment Palisade Wall x1 |
| 4:56 | TAG_Sitaux · wall_segment Palisade Wall x6 |
| 5:07 | TAG_Sitaux · wall_segment Palisade Wall x6 |
| 5:40 | TAG_Sitaux · wall_segment Palisade Wall x1 |
| 6:01 | TAG_Sitaux · wall_segment Palisade Wall x1 |
| 6:08 | TAG_Sitaux · wall_segment Palisade Wall x1 |
| 7:44 | TAG_Sitaux · first_building Barracks |
| 9:01 | TAG_Sitaux · wall_segment Palisade Wall x1 |
| 9:02 | TAG_Sitaux · wall_segment Palisade Wall x1 |
| 9:04 | TAG_Sitaux · wall_segment Palisade Wall x1 |
| 9:05 | TAG_Sitaux · wall_segment Palisade Wall x1 |
| 9:06 | TAG_Sitaux · wall_segment Palisade Wall x1 |
| 9:07 | TAG_Sitaux · wall_segment Palisade Wall x1 |
| 9:09 | TAG_Sitaux · wall_segment Palisade Wall x1 |
| 9:11 | TAG_Sitaux · wall_segment Palisade Wall x1 |
| 9:13 | TAG_Sitaux · wall_segment Palisade Wall x1 |
| 9:14 | TAG_Sitaux · wall_segment Palisade Wall x1 |
| 9:15 | TAG_Sitaux · age_up feudal |
| 9:16 | TAG_Sitaux · wall_segment Palisade Wall x1 |
| 9:17 | TAG_Sitaux · wall_segment Palisade Wall x1 |
| 9:21 | TAG_Sitaux · first_building Archery Range |
| 9:22 | F1Re · age_up feudal |
| 11:13 | F1Re · wall_segment Palisade Wall x1 |
| 11:14 | F1Re · wall_segment Palisade Wall x1 |
| 11:16 | F1Re · wall_segment Palisade Wall x1 |
| 11:36 | F1Re · first_building Archery Range |
| 12:22 | F1Re · wall_segment Palisade Wall x1 |
| 12:24 | F1Re · wall_segment Palisade Wall x1 |
| 12:44 | F1Re · wall_segment Palisade Wall x1 |
| 13:16 | F1Re · wall_segment Palisade Wall x1 |
| 13:17 | F1Re · wall_segment Palisade Wall x1 |
| 13:18 | F1Re · wall_segment Palisade Wall x1 |
| 13:46 | TAG_Sitaux · wall_segment Stone Wall x1 |
| 15:14 | TAG_Sitaux · first_building Stable |
| 15:45 | F1Re · wall_segment Stone Wall x1 |
| 15:45 | F1Re · wall_segment Stone Wall x1 |
| 15:45 | F1Re · wall_segment Stone Wall x1 |
| 15:46 | F1Re · wall_segment Stone Wall x1 |
| 15:46 | F1Re · wall_segment Stone Wall x1 |
| 15:46 | F1Re · wall_segment Stone Wall x1 |
| 15:46 | F1Re · wall_segment Stone Wall x2 |
| 15:47 | F1Re · wall_segment Stone Wall x2 |
| 15:47 | F1Re · wall_segment Stone Wall x1 |
| 15:47 | F1Re · wall_segment Stone Wall x1 |
| 21:54 | TAG_Sitaux · wall_segment Stone Wall x2 |
| 21:54 | TAG_Sitaux · wall_segment Stone Wall x1 |
| 21:55 | TAG_Sitaux · wall_segment Stone Wall x1 |
| 23:36 | TAG_Sitaux · wall_segment Palisade Wall x1 |
| 23:36 | TAG_Sitaux · wall_segment Palisade Wall x1 |
| 23:37 | TAG_Sitaux · wall_segment Palisade Wall x1 |
| 23:37 | TAG_Sitaux · wall_segment Palisade Wall x1 |
| 23:38 | TAG_Sitaux · wall_segment Palisade Wall x1 |
| 23:38 | TAG_Sitaux · wall_segment Palisade Wall x1 |
| 23:39 | TAG_Sitaux · wall_segment Palisade Wall x1 |
| 24:13 | F1Re · resign |
[ AI ANALYSIS · 1 CREDIT ]
What really happened in this match?
Wolo.gg analyzes every decision: build order, eco, micro, common mistakes by bracket. Personalized analysis on WhatsApp or Discord in 30 seconds.
Civ guide
Hindustanis
Perfil
Jugador #212721